 Dungeon Crawl Stone Soup version 0.21.1-1-g345015fe64 (webtiles) character file.

137 Balth the Sneak (level 5, -5/29 HPs)
             Began as a Kobold Enchanter on Apr 1, 2018.
             Slain by a phantom (10 damage)
             ... on level 3 of the Dungeon.
             The game lasted 00:07:28 (1737 turns).

Balth the Sneak (Kobold Enchanter)                  Turns: 1737, Time: 00:07:28

Health: -5/29      AC:  3    Str: 19    XL:     5   Next: 44%
Magic:  8/8        EV: 16    Int: 16    God:
Gold:   108        SH:  0    Dex: 15    Spells: 3/9 levels left

rFire    . . .     SeeInvis .   a - +1 dagger (venom)
rCold    . . .     Gourm    .   (shield restricted)
rNeg     . . .     Faith    .   b - +1 robe
rPois    .         Spirit   .   (no helmet)
rElec    .         Reflect  .   e - scarf {cloud immunity}
rCorr    .         Harm     .   (no gloves)
MR       .....                  (no boots)
Stlth    +++.......             (no amulet)
HPRegen  0.09/turn              m - +2 ring of strength
MPRegen  0.11/turn              i - +5 ring of strength

@: mighty
A: small, carnivore
a: no special abilities


You were on level 3 of the Dungeon.
You were not hungry.

You visited 1 branch of the dungeon, and saw 3 of its levels.

You collected 108 gold pieces.

Inventory:

Hand Weapons
 a - a +1 dagger of venom (weapon)
 g - a +1 dagger
 n - a +2 hunting sling of velocity
Missiles
 j - 7 poisoned needles
 k - 30 bolts
Armour
 b - a +1 robe (worn)
 e - a scarf of cloud immunity (worn)
Jewellery
 i - a +5 ring of strength (right hand)
 m - a +2 ring of strength (left hand)
Scrolls
 h - 2 scrolls of identify
Potions
 f - a potion of curing
 l - 2 potions of might
 o - a potion of cancellation {unknown}
 p - a potion of flight
Books
 c - a book of Maledictions

   Spells                             Type                      Level
   a - Corona                         Hexes                        1
   b - Ensorcelled Hibernation        Hexes/Ice                    2
   c - Confuse                        Hexes                        3
   d - Tukima's Dance                 Hexes                        3
   e - Dazzling Spray                 Conjuration/Hexes            3
Comestibles
 d - 2 rations


   Skills:
 + Level 1.1 Fighting
 + Level 3.8 Short Blades
 + Level 3.1 Dodging
 + Level 5.3 Stealth
 + Level 2.6 Spellcasting
 + Level 3.3 Hexes
 + Level 0.2 Ice Magic


You had 3 spell levels left.
You knew the following spells:

 Your Spells              Type           Power        Failure   Level  Hunger
a - Corona                Hex            ##.....      4%          1    #......
b - Ensorcelled Hibernat  Hex/Ice        #.....       14%         2    ##.....
c - Confuse               Hex            ##......     16%         3    ###....


Dungeon Overview and Level Annotations

Branches:
Dungeon (3/15)

Altars:
Uskayaw


Innate Abilities, Weirdness & Mutations

You are small and have problems with some larger weapons.
You are carnivorous and can eat meat at any time.


Message History

You puncture Robin!
Robin looks as sick as possible!
Robin is almost dead.
Robin hits you with an enchanted spear.
* * * LOW HITPOINT WARNING * * *
You completely miss Robin.
Robin is almost dead.
You kill Robin!
Your Fighting skill increases to level 1!
The kobold throws a stone.
The stone barely misses you.
You closely miss the kobold. The kobold barely misses you.
You closely miss the kobold. The kobold misses you.
You puncture the kobold!
You kill the kobold!
You closely miss the orc. The orc closely misses you.
You puncture the orc!
You kill the orc!
The kobold throws a stone.
The stone barely misses you.
A phantom comes into view.
The phantom hits you!
You die...

### .
#<#######....
#.K@((...(...
#.W######....
#..######## #
#..g†......
#..g.h..K..
#...%g.....
#.#...g%...
#.#....g...
#.#....g...


You could see a phantom and a kobold.

Vanquished Creatures
  A howler monkey (D:3)
  Robin (D:3)
  2 adders (D:2)
  2 dart slugs (D:1)
  2 leopard geckos (D:2)
  An orc (D:3)
  3 bats (D:1)
  3 giant cockroaches
  14 goblins
  10 hobgoblins
  3 jackals (D:3)
  10 kobolds
  A ball python (D:2)
  8 rats
61 creatures vanquished.

Notes
Turn   | Place    | Note
-------+----------+-------------------------------------------
     0 | D:1      | Balth the Kobold Enchanter began the quest for the Orb.
     0 | D:1      | Reached XP level 1. HP: 10/10 MP: 3/3
   245 | D:1      | Reached XP level 2. HP: 15/15 MP: 5/5
   568 | D:1      | Learned a level 2 spell: Ensorcelled Hibernation
   572 | D:1      | Reached XP level 3. HP: 10/19 MP: 6/6
  1352 | D:2      | Reached XP level 4. HP: 14/24 MP: 7/7
  1454 | D:2      | Found a hide-covered altar of Uskayaw.
  1642 | D:2      | Learned a level 3 spell: Confuse
  1668 | D:3      | Noticed Robin
  1681 | D:3      | Reached skill level 5 in Stealth
  1691 | D:3      | Reached XP level 5. HP: 20/28 MP: 8/8
  1731 | D:3      | Killed Robin
  1731 | D:3      | Reached skill level 1 in Fighting
  1737 | D:3      | Noticed a phantom
  1737 | D:3      | Slain by a phantom

Skill      XL: |  1  2  3  4  5 |
---------------+----------------+-----
Short Blades   | 2 3 |  3.8
Stealth        | 5 |  5.3
Dodging        | 3 |  3.1
Fighting       | 1 |  1.1
Spellcasting   | |  2.6
Hexes          | |  3.3
Ice Magic      | |  0.2

Action                   |  1- 3 |  4- 6 || total
-------------------------+-------+-------++-------
Melee: Dagger            |    98 |    74 ||   172
 Cast: Corona            |     1 |       ||     1
       Ensorcelled Hiber |       |     5 ||     5
  Use: Scroll            |     6 |       ||     6
       Potion            |     1 |     2 ||     3
 Stab: Sleeping          |     7 |     3 ||    10
  Eat: Ration            |     1 |     1 ||     2
Armor: Robe              |     7 |    14 ||    21
Dodge: Dodged            |    61 |    60 ||   121
